cohdb
Replays
Latest Replays
All Replays
Popular Replays
Top Player Replays
Match Explorer
How It Works
Community
CoH3 Stats
Reddit
Sign in to upload your games and track your stats! →
Sign in with Steam
Match 46761001
Unlisted
Match 46761001
Overview
Messages
Build Orders
End
Kradschützen Motorcycle Team
Selects Battlefield Espionage Battlegroup
Panzerpioneer Squad
Panzerpioneer Squad
Panzerpioneer Squad
Construct Light Support Kompanie
2.5-tonne Medical Truck
Panzerjäger Squad
Selects Intel Disruption Beacon
Fire Support Elements
le.IG 18 Mechanized Group
Veteran Squad Leaders
Selects 250/3 Funkpanzerwagen
Panzerpioneer Squad
Pak 38 Anti-tank Gun Team
Construct Panzerarmee Kommand
Assault Mechanized Group
Selects Anti-Tank Incendiary Munitions
Selects Plunder
Panzer III L Medium Tank
Selects Firestorm
Pak 38 Anti-tank Gun Team
Firestorm
Armored Reserves
Firestorm
Emergency Repair Kits
Firestorm
Tiger Heavy Tank
Vehicle Survival Package
Firestorm
Selects Operation Skorpion
Pak 38 Anti-tank Gun Team
Firestorm
Rapid Advance
Advanced Optics
Firestorm
Panzer IV Assault Group
Demi
Xufe
Stana
BlueSkidrow™ Legion
0
0
Comments
sign in to comment!
No comments posted yet!